 Dungeon Crawl Stone Soup version 0.22-a0-299-g43f9854 (webtiles) character file.

41200 matakusis the Convoker (level 13, -2/63 HPs)
             Began as a Deep Elf Summoner on Mar 25, 2018.
             Was a High Priest of Sif Muna.
             Slain by an orc warrior
             ... wielding a +0 short sword
              (22 damage)
             ... on level 1 of the Orcish Mines.
             The game lasted 01:50:17 (21658 turns).

matakusis the Convoker (Deep Elf Summoner)         Turns: 21658, Time: 01:50:17

Health: -2/63      AC: 10    Str:  5    XL:     13   Next: 78%
Magic:  27/35      EV: 12    Int: 26    God:    Sif Muna [*****.]
Gold:   1685       SH:  4    Dex: 17    Spells: 11/45 levels left

rFire    . . .     SeeInvis .   p - +3 quarterstaff (chaos)
rCold    . . .     Gourm    .   (shield currently unavailable)
rNeg     . . .     Faith    .   H - +0 troll leather armour
rPois    +         Spirit   .   y - +2 hat
rElec    .         Reflect  +   q - +0 cloak
rCorr    .         Harm     .   u - +2 pair of gloves
MR       +....                  (no boots)
Stlth    ++........             P - +4 amulet of reflection
HPRegen  0.60/turn              G - ring of wizardry
MPRegen  0.24/turn              k - ring of wizardry

@: radiating poison
A: agile 1, poison resistance
a: Divine Energy, Channel Magic, Forget Spell, Renounce Religion


You were on level 1 of the Orcish Mines.
You worshipped Sif Muna.
Sif Muna was extremely pleased with you.
You were not hungry.

You visited 4 branches of the dungeon, and saw 22 of its levels.

You collected 1685 gold pieces.

Inventory:

Hand Weapons
 p - a +3 quarterstaff of chaos (weapon)
 M - the +5 whip of Neurosis {slash, rElec rF- rC+ Dex+5}
   (You found it on level 1 of the Lair of Beasts)

   It inflicts extra damage upon your enemies.
   It affects your dexterity (+5).
   It makes you vulnerable to fire.
   It protects you from cold.
   It insulates you from electricity.
Missiles
 g - 329 arrows
Armour
 q - a +0 cloak (worn)
 u - a +2 pair of gloves (worn)
 y - a +2 hat (worn)
 F - +0 fire dragon scales
 H - a +0 troll leather armour (worn)
Magical Staves
 b - an uncursed staff of death
Jewellery
 a - an uncursed ring of protection from magic
 i - a +2 ring of intelligence
 k - a ring of wizardry (right hand)
 v - an uncursed amulet of the acrobat
 A - an uncursed ring of fire
 B - an uncursed ring of flight
 G - a ring of wizardry (left hand)
 P - a +4 amulet of reflection (around neck)
Wands
 j - a wand of random effects (80)
 n - a wand of disintegration (37)
 w - a wand of acid (5)
 E - a wand of iceblast (9)
 I - a wand of scattershot (8)
 L - a wand of digging (13)
 Q - a wand of flame (62)
Scrolls
 h - 3 scrolls of amnesia
 m - 3 scrolls of enchant weapon
 o - 5 scrolls of remove curse
 s - a scroll of fog
 t - 10 scrolls of teleportation
 z - 5 scrolls of enchant armour
 C - 9 scrolls of identify
Potions
 d - 4 potions of flight
 e - 2 potions of agility
 f - 5 potions of curing
 l - a potion of magic
 r - a potion of invisibility
 D - a potion of lignification
 J - a potion of might
 O - a potion of brilliance
Comestibles
 c - 23 rations


   Skills:
   Level 0.2 Short Blades
 - Level 2.4 Dodging
 - Level 2.4 Stealth
 + Level 16.5 Spellcasting
 + Level 2.4 Hexes
 * Level 16.9 Summonings
 - Level 0.3 Transmutations
 - Level 1.0 Fire Magic
 - Level 11.0 Ice Magic
 - Level 3.0 Air Magic
 + Level 6.1 Poison Magic


You had 11 spell levels left.
You knew the following spells:

 Your Spells              Type           Power        Failure   Level  Hunger
a - Blink                 Tloc           N/A          1%          2    None
b - Call Imp              Summ           #######.     0%          2    None
c - Summon Ice Beast      Ice/Summ       #######.     1%          4    None
d - Summon Lightning Spi  Summ/Air       ######..     1%          4    None
e - Olgreb's Toxic Radia  Pois           ######..     1%          4    None
f - Metabolic Englaciati  Hex/Ice        ######....   1%          5    None
g - Cause Fear            Hex            ####......   4%          4    None
h - Ignite Poison         Fire/Tmut/Pois ####....     1%          3    None
i - Freezing Cloud        Conj/Ice/Air   #####.....   22%         6    ###....


Dungeon Overview and Level Annotations

Branches:
Dungeon (13/15)            Temple (1/1) D:5            Lair (6/6) D:8
 Shoals (0/4) Lair:2       Spider (0/4) Lair:2        Slime (0/5) Lair:5
    Orc (2/2) D:10
    Elf: Orc:2       Vaults: D:13-14

Altars:
Ashenzari
Cheibriados
Dithmenos
Elyvilon
Fedhas
Gozag
Hepliaklqana
Kikubaaqudgha
Makhleb
Nemelex Xobeh
Okawaru
Qazlal
Ru
Sif Muna
Trog
Uskayaw
Vehumet
Wu Jian
Xom
Yredelemnul
Zin
The Shining One

Shops:
D:8 %   D:9 %


Innate Abilities, Weirdness & Mutations

You are agile. (Dex +2)
Your system is resistant to poisons. (rPois)


Message History

Your ice beast is unaffected.
The orc knight seems to slow down.
The ogre seems to slow down.
The orc warrior seems to slow down.
The warg seems to slow down.
Your ice beast is unaffected.
Your lightning spire is unaffected.
The ogre looks even sicker.
The orc knight is poisoned.
You block the orc warrior's attack. The warg bites you but does no damage.
Your ice beast hits the orc knight but does no damage.
The orc knight hits your ice beast with an enchanted long sword!!
Your ice beast dies!
Your lightning spire shoots out a bolt of lightning at the ogre!
The bolt of electricity hits the warg.
The warg dies!
Sif Muna accepts your kill.
The bolt of electricity hits the ogre.
The ogre dies!
Sif Muna accepts your kill.
Your ice beast hits the orc knight but does no damage.
The orc warrior looks even sicker.
The orc warrior hits you with a short sword!!
You die...

##...[...#....
#......)......
##.............
#....#.........
#.#o#.).......
###....>.......
###)##)..)..).#..
##..o)..).........
#@o.Y#...)........
##8.).....#.......
###......##......
##....## ##....
##....# ....
###.## .. #.# ..
.##


You could see an orc knight, an orc warrior, a friendly ice beast and a friendly
lightning spire.

Vanquished Creatures
  2 death yaks (Lair:6)
  2 orc sorcerers (Orc:1)
  2 centaur zombies (D:12)
  A centaur skeleton (D:11)
  7 dream sheep (Lair:6)
  A blink frog (Lair:3)
  A wyvern (Lair:5)
  7 yaks
  An orc warrior (Orc:1)
  2 ogres (Orc:1)
  2 crocodiles
  3 orc priests
  2 bullfrog skeletons
  7 orc wizards
  A worker ant (D:3)
  A hound skeleton (D:8)
  A gnoll (Orc:2)
  6 adders
  2 leopard geckos
  16 orcs
  A bat (D:3)
  A giant cockroach (D:6)
  2 goblins (D:3)
  A hobgoblin (D:2)
  2 jackals
  A quokka (D:10)
  11 kobolds
  A rat (D:3)
  A fungus (Lair:5)
88 creatures vanquished.

Vanquished Creatures (collateral kills)
  A fire dragon (Lair:6)
  8 hydras
  A catoblepas (Lair:4)
  4 two-headed ogres
  13 death yaks
  Sonja (Lair:4)
  A fire crab (Lair:5)
  Pikel (D:5)
  An orc knight (Orc:1)
  A lindwurm (Lair:6)
  2 cyclopes (D:12)
  4 oklob plants (Lair:5)
  An orc sorcerer (Orc:1)
  A deep elf mage (D:12)
  14 elephants
  2 gargoyles (D:11)
  3 black mambas
  7 torpor snails
  13 spiny frogs
  A komodo dragon (D:8)
  A kobold demonologist (D:11)
  Grinder (D:3)
  6 trolls
  4 tyrant leeches (Lair:6)
  6 hornets (Lair:6)
  9 hippogriffs
  A polar bear (Lair:6)
  11 blink frogs
  Prince Ribbit (Lair:2)
  13 dream sheep (Lair:6)
  A snapping turtle (Lair:2)
  A shadow (D:11)
  3 wyverns
  40 yaks
  A wraith (D:11)
  A vampire (D:12)
  4 hungry ghosts
  A basilisk (Lair:4)
  5 wargs
  Menkaure (D:4)
  11 porcupines
  9 water moccasins
  9 orc warriors
  3 ice beasts
  4 sky beasts
  3 slaves (D:5)
  3 ogres
  A phantom (D:10)
  22 wolves
  5 centaurs
  9 crocodiles
  21 big kobolds
  A gnoll sergeant (D:5)
  14 bullfrogs
  A water moccasin skeleton (D:6)
  10 scorpions
  12 killer bees
  5 wights (D:12)
  3 electric eels
  3 howler monkeys
  2 centaur zombies (D:8)
  4 crimson imps
  10 hounds
  13 orc priests
  3 centaur skeletons
  A gnoll shaman (D:6)
  5 jellies
  Crazy Yiuf (D:3)
  3 bullfrog skeletons
  2 iguanas (D:11)
  16 orc wizards
  10 worker ants
  A howler monkey zombie (D:5)
  3 worker ant zombies
  11 adders
  10 gnolls
  2 shadow imps
  6 oozes
  An adder skeleton (D:9)
  A worm (D:2)
  3 dart slugs
  2 leopard geckos
  69 orcs
  9 bats
  8 giant cockroaches
  5 goblins
  7 hobgoblins
  20 jackals
  24 kobolds
  3 quokkas
  A ball python (D:5)
  4 frilled lizards
  A leopard gecko skeleton (D:4)
  A quokka skeleton (D:6)
  5 rats
  A butterfly (D:2)
  2 fungi (Lair:5)
  2 plants (Lair:6)
612 creatures vanquished.

Vanquished Creatures (others)
  A bullfrog skeleton (D:9)
  An orc (D:5)
  A bush (Lair:3)
  23 fungi
  27 plants
53 creatures vanquished.

Grand Total: 753 creatures vanquished

Notes
Turn   | Place    | Note
-------+----------+-------------------------------------------
     0 | D:1      | matakusis the Deep Elf Summoner began the quest for the Orb.
     0 | D:1      | Reached XP level 1. HP: 10/10 MP: 6/6
   210 | D:1      | Reached XP level 2. HP: 4/15 MP: 4/8
   216 | D:1      | Learned a level 2 spell: Call Imp
   412 | D:1      | Reached skill level 5 in Summonings
   802 | D:2      | Found a faded altar of an unknown god.
   935 | D:2      | Reached XP level 3. HP: 16/19 MP: 10/10
   972 | D:2      | Found a shimmering altar of Xom.
  1198 | D:2      | Gained mutation: Your system is resistant to poisons. (rPois) [potion of mutation]
  1198 | D:2      | Gained mutation: You are agile. (Dex +2) [potion of mutation]
  1277 | D:3      | Reached XP level 4. HP: 24/24 MP: 12/12
  1283 | D:3      | Learned a level 4 spell: Summon Ice Beast
  1288 | D:3      | Learned a level 4 spell: Summon Lightning Spire
  1389 | D:3      | Noticed Grinder
  1402 | D:3      | Killed Grinder
  1402 | D:3      | Reached XP level 5. HP: 22/28 MP: 4/14
  1497 | D:3      | Reached skill level 5 in Spellcasting
  1866 | D:3      | Reached skill level 1 in Ice Magic
  1866 | D:3      | Reached XP level 6. HP: 32/32 MP: 16/16
  1945 | D:3      | Found a runed door.
  1949 | D:3      | Noticed Crazy Yiuf
  1953 | D:3      | Killed Crazy Yiuf
  2075 | D:4      | Noticed Menkaure
  2907 | D:4      | Killed Menkaure
  2907 | D:4      | Reached skill level 1 in Air Magic
  2907 | D:4      | Reached XP level 7. HP: 36/36 MP: 1/18
  3279 | D:5      | Entered Level 5 of the Dungeon
  3567 | D:5      | Noticed Pikel
  3585 | D:5      | Killed Pikel
  3709 | D:5      | Found a blossoming altar of Fedhas.
  3878 | D:5      | Found a staircase to the Ecumenical Temple.
  3900 | Temple   | Entered the Ecumenical Temple
  3919 | Temple   | Became a worshipper of Sif Muna the Loreminder
  4130 | D:6      | Reached XP level 8. HP: 41/41 MP: 11/20
  4604 | D:6      | Found a basalt altar of Yredelemnul.
  4915 | D:7      | Reached * piety under Sif Muna
  5829 | D:7      | Learned a level 2 spell: Blink
  6065 | D:8      | Noticed a hippogriff
  6076 | D:8      | Killed a hippogriff
  6088 | D:8      | Noticed a hippogriff
  6097 | D:8      | Killed a hippogriff
  6097 | D:8      | Reached skill level 5 in Ice Magic
  6155 | D:8      | Found a sparkling altar of Nemelex Xobeh.
  6253 | D:8      | Found Pymu's Food Emporium.
  6257 | D:8      | Found an ornate altar of the Wu Jian Council.
  6312 | D:8      | Found a shattered altar of Ashenzari.
  6358 | D:8      | Noticed a hippogriff
  6380 | D:8      | Killed a hippogriff
  6380 | D:8      | Reached XP level 9. HP: 45/45 MP: 17/23
  6489 | D:8      | Reached ** piety under Sif Muna
  6755 | D:8      | Found an opulent altar of Gozag.
  6774 | D:8      | Reached skill level 10 in Summonings
  6905 | D:8      | Found a staircase to the Lair.
  6906 | D:8      | Noticed a komodo dragon
  6927 | D:8      | Killed a komodo dragon
  7795 | D:9      | Found Rujuod's Food Shop.
  7819 | D:9      | Reached *** piety under Sif Muna
  8272 | D:10     | Entered Level 10 of the Dungeon
  8325 | D:10     | Noticed a two-headed ogre
  8335 | D:10     | Killed a two-headed ogre
  8335 | D:10     | Reached skill level 10 in Spellcasting
  8412 | D:10     | Learned a level 4 spell: Olgreb's Toxic Radiance
  8478 | D:10     | Noticed a troll
  8485 | D:10     | Noticed a two-headed ogre
  8499 | D:10     | Killed a two-headed ogre
  8499 | D:10     | Reached XP level 10. HP: 50/50 MP: 7/26
  8521 | D:10     | Reached **** piety under Sif Muna
  8521 | D:10     | Reached skill level 1 in Poison Magic
  8664 | D:10     | Found a staircase to the Orcish Mines.
  9281 | Orc:1    | Entered Level 1 of the Orcish Mines
  9281 | Orc:1    | Noticed an orc sorcerer
  9294 | D:11     | Noticed a gargoyle
  9312 | D:11     | Killed a gargoyle
  9664 | D:11     | Noticed a two-headed ogre
  9689 | D:11     | Killed a two-headed ogre
  9689 | D:11     | Reached ***** piety under Sif Muna
  9689 | D:11     | Identified Sif Muna's Incunabulum of Helpful Confrontation (Sif Muna gifted it to you on level 11 of the Dungeon)
  9689 | D:11     | Received a gift from Sif Muna
  9910 | D:11     | Noticed a gargoyle
  9957 | D:11     | Killed a gargoyle
 10772 | D:12     | Noticed a cyclops
 10779 | D:12     | Reached XP level 11. HP: 54/54 MP: 8/28
 10937 | D:12     | Noticed a two-headed ogre
 10948 | D:12     | Killed a two-headed ogre
 11172 | D:12     | Noticed a deep elf mage
 11195 | D:12     | Identified Sif Muna's Papyrus of Frigorific Confrontation (Sif Muna gifted it to you on level 12 of the Dungeon)
 11195 | D:12     | Received a gift from Sif Muna
 11216 | D:12     | Killed a deep elf mage
 11335 | D:12     | Learned a level 5 spell: Metabolic Englaciation
 12581 | Lair:1   | Entered Level 1 of the Lair of Beasts
 13339 | Lair:1   | Got a crystal whip
 13340 | Lair:1   | Identified the +5 whip of Neurosis {slash, rElec rF- rC+ Dex+5} (You found it on level 1 of the Lair of Beasts)
 13510 | Lair:2   | Noticed Prince Ribbit
 13517 | Lair:2   | Killed Prince Ribbit
 13692 | Lair:2   | Noticed Sonja
 13804 | Lair:2   | Noticed a four-headed hydra
 13811 | Lair:2   | Killed a four-headed hydra
 13841 | Lair:2   | Noticed a six-headed hydra
 13882 | Lair:2   | Killed a six-headed hydra
 14215 | Lair:2   | Found a hide-covered altar of Uskayaw.
 14304 | Lair:2   | Found a hole to the Spider Nest.
 14353 | Lair:2   | Reached XP level 12. HP: 59/59 MP: 26/31
 14429 | Lair:2   | Reached skill level 10 in Ice Magic
 14662 | Lair:2   | Found a staircase to the Shoals.
 14856 | Lair:3   | Noticed a death yak
 14856 | Lair:3   | Noticed a death yak
 14856 | Lair:3   | Noticed a death yak
 14858 | Lair:3   | Noticed a death yak
 14891 | Lair:3   | Noticed a death yak
 14893 | Lair:3   | Noticed a death yak
 15102 | Lair:3   | Noticed a death yak
 15113 | Lair:3   | Noticed a five-headed hydra
 15114 | Lair:3   | Killed a death yak
 15116 | Lair:3   | Received a gift from Sif Muna
 15116 | Lair:3   | Reached skill level 1 in Hexes
 15124 | Lair:3   | Killed a five-headed hydra
 15129 | Lair:3   | Killed a death yak
 15130 | Lair:3   | Killed a death yak
 15181 | Lair:3   | Learned a level 4 spell: Cause Fear
 15584 | Lair:3   | Noticed a death yak
 15590 | Lair:3   | Noticed a death yak
 15595 | Lair:3   | Killed a death yak
 15819 | Lair:3   | Killed a death yak
 15901 | Lair:3   | Killed a death yak
 15909 | Lair:3   | Killed a death yak
 15912 | Lair:3   | Killed a death yak
 15912 | Lair:3   | Reached skill level 15 in Summonings
 15915 | Lair:3   | Killed a death yak
 16516 | Lair:4   | Noticed a five-headed hydra
 16524 | Lair:4   | Killed a five-headed hydra
 16549 | Lair:4   | Noticed a catoblepas
 16560 | Lair:4   | Killed a catoblepas
 16615 | Lair:4   | Noticed a five-headed hydra
 16620 | Lair:4   | Killed a five-headed hydra
 16631 | Lair:4   | Killed Sonja
 17154 | Lair:4   | Found a runed door.
 17203 | Lair:4   | Noticed a six-headed hydra
 17234 | Lair:4   | Killed a six-headed hydra
 17359 | Lair:4   | Learned a level 3 spell: Ignite Poison
 17435 | Lair:5   | Reached skill level 15 in Spellcasting
 17538 | Lair:5   | Noticed a six-headed hydra
 17547 | Lair:5   | Killed a six-headed hydra
 17599 | Lair:5   | Noticed a seven-headed hydra
 17605 | Lair:5   | Killed a seven-headed hydra
 17605 | Lair:5   | Received a gift from Sif Muna
 17605 | Lair:5   | Reached XP level 13. HP: 63/63 MP: 16/34
 17616 | Lair:5   | Learned a level 6 spell: Freezing Cloud
 17786 | Lair:5   | Found a staircase to the Slime Pits.
 18894 | Lair:6   | Entered Level 6 of the Lair of Beasts
 18906 | Lair:6   | Reached skill level 5 in Poison Magic
 18920 | Lair:6   | HP: 3/63 [death yak (60)]
 19060 | Lair:6   | Reached skill level 1 in Fire Magic
 19761 | Lair:6   | Identified Sif Muna's Incunabulum of Lightness (Sif Muna gifted it to you on level 6 of the Lair of Beasts)
 19761 | Lair:6   | Received a gift from Sif Muna
 19790 | Lair:6   | Found a runed door.
 20304 | Lair:6   | Noticed a fire dragon
 20308 | Lair:6   | HP: 1/63 [fire dragon/blast of flame (36)]
 20668 | Lair:6   | Killed a fire dragon
 21584 | Orc:2    | Entered Level 2 of the Orcish Mines
 21658 | Orc:1    | Slain by an orc warrior

Vault maps used:
D:1:      dpeg_arrival_tiny_j
D:2:      xom_butterflies, chequers_ecumenical_altar_simple
D:3:      kennysheep_generic_room_16, uniq_grinder, uniq_crazy_yiuf_cottage
D:4:      old_forge, first_ration, uniq_menkaure
D:5:      fedhas_altar_fruit_tree, minmay_temple_entry_glass,
          kennysheep_small_spiral, uniq_pikel
D:6:      old_standard_altar, serial_glass, glass_columns_a, glass_columns_c,
          glass_columns_a, glass_columns_a
D:8:      chequers_temple_overflow_statue_of_worship, lemuel_round_altar,
          old_standard_altar, david_lair_shrubbed, serial_shops, shop_fountains
D:9:      serial_shops, shop, hangedman_little_slice_of_home
D:10:     orc_0_dummy
D:11:     special_room, serial_bayou_pond_a
Temple:   minmay_freezing_vapour_temple
Lair:2:   minmay_shoals_entry_hut, spider_nest_entry_web_field, basic_altar,
          serial_bayou_crossing, uniq_prince_ribbit2, uniq_sonja
Lair:4:   serial_bayou_ford_a, pf_torpor_hydra
Lair:5:   minmay_slime_entry_oklob_open
Lair:6:   wormcave, minivault_23, infiniplex_staircase_pool
Orc:2:    grunt_orc_tribal_feast, basic_altar, special_room, serial_shops,
          shop_statue

Skill      XL: |  1  2  3  4  5  6  7  8  9 10 11 12 13 |
---------------+----------------------------------------+-----
Summonings     | 5 6 7 8 9 11 12 14 15 16 | 16.9
Spellcasting   | 4 5 6 7 8 10 11 13 15 16 | 16.5
Ice Magic      | 1 2 3 5 7 8 9 11 | 11.0
Air Magic      | 1 2 3 |  3.0
Poison Magic   | 3 4 6 |  6.1
Hexes          | 2 |  2.4
Fire Magic     | 1 |  1.0
Short Blades   | |  0.2
Dodging        | |  2.4
Stealth        | |  2.4
Transmutations | |  0.3

Action                   |  1- 3 |  4- 6 |  7- 9 | 10-12 | 13-15 || total
-------------------------+-------+-------+-------+-------+-------++-------
Melee: Unarmed           |     1 |       |       |       |       ||     1
       Dagger            |    26 |    28 |       |       |       ||    54
       Quarterstaff      |       |       |    35 |    56 |     9 ||   100
 Cast: Summon Small Mamm |    38 |       |       |       |       ||    38
       Call Imp          |    24 |     3 |       |       |       ||    27
       Summon Ice Beast  |       |    15 |    57 |   131 |    69 ||   272
       Summon Lightning  |       |    14 |    52 |   109 |    48 ||   223
       Olgreb's Toxic Ra |       |       |     1 |    26 |    21 ||    48
       Blink             |       |       |       |     1 |       ||     1
       Metabolic Englaci |       |       |       |    14 |    11 ||    25
       Freezing Cloud    |       |       |       |       |     4 ||     4
       Ignite Poison     |       |       |       |       |     4 ||     4
  Use: Scroll            |     5 |     6 |     8 |     4 |     2 ||    25
       Potion            |     1 |       |     7 |     3 |     5 ||    16
 Stab: Sleeping          |     2 |     4 |       |       |       ||     6
       Distracted        |       |     1 |     2 |     2 |       ||     5
  Eat: Chunk             |     2 |     5 |    16 |    29 |    11 ||    63
       Ration            |       |     1 |     2 |       |     1 ||     4
Armor: Robe              |    11 |     6 |    15 |     6 |       ||    38
       Troll leather arm |       |       |       |    26 |     7 ||    33
Dodge: Dodged            |    36 |    22 |    56 |   111 |    31 ||   256
Block: Other             |       |       |       |       |     8 ||     8

Table legend:
 A = Spawn XP
 B = Non-spawn XP
 C = Spawn XP percentage of total XP
 D = Spawn monster count
 E = Non-spawn monster count
 F = Spawn count percentage of total count
 G = Total turns spent on level
                    A         B        C        D         E        F      G
               +---------+---------+-------+---------+---------+-------+---------
         Total |       0 |   58858 |   0.0 |       0 |     692 |   0.0 | 21658
               +---------+---------+-------+---------+---------+-------+---------
           D:1 |       0 |      20 |   0.0 |       0 |      20 |   0.0 |   593
           D:2 |       0 |      58 |   0.0 |       0 |      26 |   0.0 |   621
           D:3 |       0 |     340 |   0.0 |       0 |      25 |   0.0 |  1099
           D:4 |       0 |     453 |   0.0 |       0 |      38 |   0.0 |   966
           D:5 |       0 |     516 |   0.0 |       0 |      18 |   0.0 |   794
           D:6 |       0 |     417 |   0.0 |       0 |      31 |   0.0 |   702
           D:7 |       0 |     446 |   0.0 |       0 |      32 |   0.0 |  1252
           D:8 |       0 |    1085 |   0.0 |       0 |      28 |   0.0 |  1301
           D:9 |       0 |    1358 |   0.0 |       0 |      63 |   0.0 |   991
          D:10 |       0 |    2122 |   0.0 |       0 |      29 |   0.0 |  1120
          D:11 |       0 |    3940 |   0.0 |       0 |      66 |   0.0 |  1477
          D:12 |       0 |    4822 |   0.0 |       0 |      45 |   0.0 |  1687
          D:13 |       0 |      54 |   0.0 |       0 |       2 |   0.0 |    36
        Lair:1 |       0 |    1395 |   0.0 |       0 |      13 |   0.0 |   934
        Lair:2 |       0 |    6146 |   0.0 |       0 |      48 |   0.0 |  1735
        Lair:3 |       0 |    9296 |   0.0 |       0 |      42 |   0.0 |  1206
        Lair:4 |       0 |    4408 |   0.0 |       0 |      24 |   0.0 |  1016
        Lair:5 |       0 |    4890 |   0.0 |       0 |      22 |   0.0 |  1514
        Lair:6 |       0 |   13858 |   0.0 |       0 |      68 |   0.0 |  2010
         Orc:1 |       0 |    3114 |   0.0 |       0 |      47 |   0.0 |   524
         Orc:2 |       0 |     120 |   0.0 |       0 |       5 |   0.0 |    53
               +---------+---------+-------+---------+---------+-------+---------
